 Dungeon Crawl Stone Soup version 0.29.0-11-gd7f09526c8 (webtiles) character file.

Game seed: 10445594640388917519

98 themarg the Prestidigitator (level 4, -5/34 HPs)
             Began as a Gnoll Wanderer on Sept 2, 2022.
             Was a Believer of Makhleb.
             Slain by a gnoll
             ... wielding a +0 flail
              (9 damage)
             ... on level 2 of the Dungeon.
             The game lasted 00:10:14 (2513 turns).

themarg the Prestidigitator (Gnoll Wanderer)        Turns: 2513, Time: 00:10:14

Health: -5/34      AC:  4    Str: 11    XL:     4   Next: 71%
Magic:  8/8        EV: 11    Int: 10    God:    Makhleb [**....]
Gold:   163        SH:  7    Dex: 15    Spells: 9/9 levels left

rFire   . . .      SeeInvis .   a - +0 dagger
rCold   . . .      Faith    .   e - +2 buckler
rNeg    . . .      Spirit   .   o - +0 leather armour
rPois   .          Reflect  .   k - +1 hat
rElec   .          Harm     .   (no cloak)
rCorr   +          Rampage  .   (no gloves)
Will    .....                   (no boots)
Stlth   ++........              i - amulet of regeneration
HPRegen 0.91/turn               l - ring of resist corrosion
MPRegen 0.11/turn               (no ring)

@: no status effects
A: fangs 1, strong nose, distributed training
a: Renounce Religion, Minor Destruction


You were on level 2 of the Dungeon.
You worshipped Makhleb.
Makhleb was pleased with you.
You visited 1 branch of the dungeon, and saw 3 of its levels.

You collected 163 gold pieces.

Inventory:

Hand Weapons
 a - a +0 dagger (weapon)
Missiles
 v - 9 poisoned darts
Armour
 d - a +0 robe
 e - a +2 buckler (worn)
 k - a +1 hat (worn)
 o - a +0 leather armour (worn)
Jewellery
 g - an amulet of faith
 i - an amulet of regeneration (around neck)
 l - a ring of resist corrosion (left hand)
 p - a ring of protection from cold
 s - a +4 ring of evasion
Scrolls
 f - 3 scrolls of identify {unknown}
 h - a scroll of noise {unknown}
 j - a scroll of amnesia {unknown}
 m - a scroll of enchant armour {unknown}
 n - a scroll of immolation {unknown}
 q - a scroll of magic mapping {unknown}
 x - a scroll of enchant weapon {unknown}
 y - a scroll of teleportation {unknown}
 z - a scroll of vulnerability {unknown}
 A - a scroll of poison {unknown}
Potions
 c - a potion of haste
 r - a potion of attraction {unknown}
 t - a potion of degeneration {unknown}
 u - a potion of resistance {unknown}
 w - a potion of heal wounds {unknown}
 B - a potion of mutation {unknown}
Miscellaneous
 b - a piece from Xom's chessboard (15/15) (quivered)


   Skills:
 + Level 2.8 Fighting
 + Level 1.2 Short Blades
 + Level 1.2 Long Blades
 + Level 1.2 Axes
 + Level 1.2 Maces & Flails
 + Level 1.2 Polearms
 + Level 1.2 Staves
 + Level 1.2 Ranged Weapons
 + Level 1.2 Throwing
 + Level 1.2 Armour
 + Level 1.2 Dodging
 + Level 1.2 Stealth
 + Level 4.7 Shields
 + Level 1.2 Unarmed Combat
 + Level 3.0 Spellcasting
 + Level 1.0 Conjurations
 + Level 1.0 Hexes
 + Level 1.0 Summonings
 + Level 1.0 Necromancy
 + Level 1.0 Translocations
 + Level 1.0 Transmutations
 + Level 1.0 Fire Magic
 + Level 1.0 Ice Magic
 + Level 3.9 Air Magic
 + Level 1.0 Earth Magic
 + Level 1.0 Poison Magic
 + Level 1.4 Invocations
 + Level 8.6 Evocations


You had 9 spell levels left.
You didn't know any spells.
Your spell library contained the following spells:

 Spells                   Type           Power      Damage    Failure   Level
 Poisonous Vapours        Pois/Air       12%        N/A       26%         2
 Static Discharge         Conj/Air       6%         3-4/arc   26%         2
 Blink                    Tloc           6%         N/A       43%         2
 Scorch                   Fire           6%         2d5       43%         2
 Lesser Beckoning         Tloc           3%         N/A       67%         3
 Flame Wave               Conj/Fire      3%         2d5       97%         4
 Manifold Assault         Tloc           3%         N/A       100%        5
 Summon Cactus Giant      Summ           1%         N/A       100%        6


Dungeon Overview and Level Annotations

Branches:
Dungeon (3/15)

Altars:
Makhleb


Innate Abilities, Weirdness & Mutations

You have very sharp teeth.
Your uncanny sense of smell can sniff out nearby items.
Your experience applies equally to all skills.


Message History

The ball python barely misses you. The ball python closely misses you.
You climb upwards.
There is a stone staircase leading down here.
The gnoll attacks as you move away! The gnoll hits you with a +0 flail!
* * * LOW HITPOINT WARNING * * *
You hit the ball python.
The ball python is moderately wounded.
The ball python bites you.
* * * LOW HITPOINT WARNING * * *
The ball python closely misses you. The gnoll closely misses you.
You closely miss the ball python.
The ball python is moderately wounded.
The ball python misses you. You block the ball python's attack.
The gnoll closely misses you.
You hit the ball python.
You kill the ball python!
Makhleb accepts your kill. You block the gnoll's attack.
You barely miss the gnoll. The gnoll barely misses you.
You closely miss the gnoll. You hit the gnoll.
The gnoll is moderately wounded.
The gnoll completely misses you. You block the gnoll's attack.
You hit the gnoll.
The gnoll is moderately wounded.
The gnoll hits you with a +0 flail.
* * * LOW HITPOINT WARNING * * *
You barely miss the gnoll.
The gnoll is moderately wounded.
You block the gnoll's attack.
You hit the gnoll but do no damage.
The gnoll is moderately wounded.
You closely miss the gnoll.
The gnoll is moderately wounded.
The gnoll hits you with a +0 flail.
* * * LOW HITPOINT WARNING * * *
You hit the gnoll but do no damage.
The gnoll is moderately wounded.
The gnoll hits you with a +0 flail!
You die...

#.##.# ##.##.#..# #.##.#
##..#....### #.##.#
#........... #.##.#
########.########.. #.##.#
#.....##.#######...
#.##.####.###..............
#.#.#.............######...
###.##.###...##..#..# #.....
#...........@.#..#..####.###.
#.#........g>.............###
#.##...##.....####...........
#.#..........## ##..........
#.#.........## ######..###
#.#........## #..#
#.##...##.## #..# #.###.###.#
#..# ## #.# #.# #.# #..#


You could see a gnoll.

Vanquished Creatures
  A gnoll (D:2)
  2 adders
  3 worms
  A dart slug (D:2)
  4 ball pythons
  5 endoplasms
  5 giant cockroaches
  2 goblins (D:2)
  10 hobgoblins
  2 jackals (D:3)
  3 quokkas
  4 bats
  A frilled lizard (D:2)
  6 kobolds
  6 rats
55 creatures vanquished.

Vanquished Creatures (others)
  4 toadstools (D:2)
4 creatures vanquished.

Grand Total: 59 creatures vanquished

Notes
Turn   | Place    | Note
-------+----------+-------------------------------------------
     0 | D:1      | themarg the Gnoll Wanderer began the quest for the Orb.
     0 | D:1      | themarg set off with the following items: a +0 dagger, a
                  | piece from Xom's chessboard (15/15), a potion of haste, a
                  | +0 robe, a +2 buckler; and the following spells available
                  | to memorise: Poisonous Vapours, Static Discharge.
     0 | D:1      | Reached XP level 1. HP: 17/17 MP: 4/4
    94 | D:1      | Found a faded altar of an unknown god.
   106 | D:1      | Prayed at the altar of an unknown god.
   106 | D:1      | Became a worshipper of Makhleb the Destroyer
   106 | D:1      | Reached * piety under Makhleb
   586 | D:1      | Reached XP level 2. HP: 23/23 MP: 5/5
  1323 | D:2      | Reached XP level 3. HP: 28/28 MP: 7/7
  1445 | D:2      | Reached ** piety under Makhleb
  1485 | D:2      | Reached skill level 1 in Invocations
  1529 | D:2      | Reached skill level 1 in Short Blades
  1529 | D:2      | Reached skill level 1 in Long Blades
  1529 | D:2      | Reached skill level 1 in Axes
  1529 | D:2      | Reached skill level 1 in Maces & Flails
  1529 | D:2      | Reached skill level 1 in Polearms
  1529 | D:2      | Reached skill level 1 in Staves
  1529 | D:2      | Reached skill level 1 in Ranged Weapons
  1529 | D:2      | Reached skill level 1 in Throwing
  1529 | D:2      | Reached skill level 1 in Armour
  1529 | D:2      | Reached skill level 1 in Dodging
  1529 | D:2      | Reached skill level 1 in Stealth
  1529 | D:2      | Reached skill level 1 in Unarmed Combat
  1996 | D:3      | Reached XP level 4. HP: 20/34 MP: 8/8
  2212 | D:3      | Reached skill level 1 in Conjurations
  2212 | D:3      | Reached skill level 1 in Hexes
  2212 | D:3      | Reached skill level 1 in Summonings
  2212 | D:3      | Reached skill level 1 in Necromancy
  2212 | D:3      | Reached skill level 1 in Translocations
  2212 | D:3      | Reached skill level 1 in Transmutations
  2212 | D:3      | Reached skill level 1 in Fire Magic
  2212 | D:3      | Reached skill level 1 in Ice Magic
  2212 | D:3      | Reached skill level 1 in Earth Magic
  2212 | D:3      | Reached skill level 1 in Poison Magic
  2398 | D:2      | HP: 1/34 [gnoll/+0 whip (3)]
  2509 | D:2      | HP: 1/34 [gnoll/+0 flail (6)]
  2513 | D:2      | Slain by a gnoll

Illustrated notes

Levels and vault maps discovered:
D:1:      sevenhm_arrival_forest_fort_small_5, layout_basic,
          chequers_ecumenical_altar_simple, minmay_misc_feat_alley,
          hangedman_feature_mirror, nicolae_eternal_life
D:2:      layout_loops_ring, minmay_gold_behind_fungi, minmay_tromino_v4_a
D:3:      layout_rooms, minmay_puff

Skill      XL: |  1  2  3  4 |
---------------+-------------+-----
Invocations    | 1 |  1.4
Short Blades   | 1 |  1.2
Long Blades    | 1 |  1.2
Axes           | 1 |  1.2
Maces & Flails | 1 |  1.2
Polearms       | 1 |  1.2
Staves         | 1 |  1.2
Ranged Weapons | 1 |  1.2
Throwing       | 1 |  1.2
Armour         | 1 |  1.2
Dodging        | 1 |  1.2
Stealth        | 1 |  1.2
Unarmed Combat | 1 |  1.2
Spellcasting   | 3 |  3.0
Conjurations   | 1 |  1.0
Hexes          | 1 |  1.0
Summonings     | 1 |  1.0
Necromancy     | 1 |  1.0
Translocations | 1 |  1.0
Transmutations | 1 |  1.0
Fire Magic     | 1 |  1.0
Ice Magic      | 1 |  1.0
Earth Magic    | 1 |  1.0
Poison Magic   | 1 |  1.0
Fighting       | |  2.8
Shields        | |  4.7
Air Magic      | |  3.9
Evocations     | |  8.6

Action                   |  1- 3 |  4- 6 || total
-------------------------+-------+-------++-------
Melee: Dagger            |   197 |   138 ||   335
       Bite              |    21 |    13 ||    34
       Punch             |     4 |       ||     4
Invok: Minor Destruction |       |     1 ||     1
 Stab: Sleeping          |     3 |       ||     3
       Distracted        |       |     1 ||     1
Armor: Robe              |    18 |       ||    18
       Leather armour    |    26 |    22 ||    48
Dodge: Dodged            |   100 |    73 ||   173
Block: Buckler           |       |    10 ||    10
